 Dungeon Crawl Stone Soup version 0.21.1-1-g345015f (webtiles) character file.

758 shakethe the Chopper (level 7, 0/62 HPs)
             Began as a Hill Orc Fighter on Feb 26, 2018.
             Was an Initiate of Kikubaaqudgha.
             Slain by an ogre
             ... wielding a +0 giant spiked club
              (9 damage)
             ... on level 4 of the Dungeon.
             The game lasted 00:04:34 (4344 turns).

shakethe the Chopper (Hill Orc Fighter)             Turns: 4344, Time: 00:04:35

Health: 0/62       AC:  7    Str: 19    XL:     7   Next: 80%
Magic:  7/7        EV:  7    Int: 10    God:    Kikubaaqudgha [......]
Gold:   255        SH:  9    Dex: 10    Spells: 6/6 levels left

rFire    . . .     SeeInvis .   a - +0 war axe
rCold    . . .     Gourm    .   c - +0 shield
rNeg     . . .     Faith    .   b - +0 scale mail
rPois    .         Spirit   .   (no helmet)
rElec    .         Reflect  .   (no cloak)
rCorr    .         Harm     .   (no gloves)
MR       .....                  (no boots)
Stlth    ..........             (no amulet)
HPRegen  0.20/turn              (no ring)
MPRegen  0.10/turn              (no ring)

@: slowed, very slow
A: no striking features
a: Renounce Religion


You were on level 4 of the Dungeon.
You worshipped Kikubaaqudgha.
Kikubaaqudgha was noncommittal.
You were near starving.

You visited 1 branch of the dungeon, and saw 4 of its levels.

You collected 255 gold pieces.

Inventory:

Hand Weapons
 a - a +0 war axe (weapon)
Missiles
 k - a throwing net {=f, !d}
Armour
 b - a +0 scale mail (worn)
 c - a +0 shield (worn)
Wands
 d - a wand of polymorph (13)
   (You took it off Ijyb on level 4 of the Dungeon)
Scrolls
 g - a scroll of immolation {unknown}
 i - a scroll of teleportation
 j - a scroll of random uselessness
 l - 2 scrolls of amnesia
 m - 2 scrolls of magic mapping {unknown}
 p - a scroll of enchant weapon {unknown}
 q - a scroll of remove curse {unknown}
Potions
 e - a potion of berserk rage {!q}
 h - 5 potions of curing
 n - a potion of cancellation {unknown}
 o - a potion of mutation {!q}
Comestibles
 f - 6 rations


   Skills:
 + Level 5.7 Fighting
 * Level 7.4 Axes
 + Level 5.2 Armour
 + Level 5.2 Shields


You had 6 spell levels left.
You didn't know any spells.

Dungeon Overview and Level Annotations

Branches:
Dungeon (4/15)
 Temple: D:4-7

Altars:
Ashenzari
Gozag
Hepliaklqana
Kikubaaqudgha
Makhleb
Wu Jian
Zin


Message History

Natasha hisses angrily.
Natasha casts a spell.
Natasha mumbles some strange words.
The crimson imp blinks!
You block Natasha's attack. The white imp gestures at you.
The puff of frost hits you!
You hit Natasha but do no damage. Natasha claws you.
You take 5 damage, and have 56/61 hp.
You closely miss Natasha.
Your shield and scale mail prevent you from hitting the white imp.
You block Natasha's attack. The white imp gestures at you.
The puff of frost hits you! Natasha claws you.
Your shield prevents you from hitting the crimson imp.
You closely miss Natasha. You hit the white imp but do no damage.
The crimson imp blinks!
The white imp hits you. The white imp freezes you. Natasha barely misses you.
You barely miss Natasha. You barely miss the white imp.
The white imp gestures at you. The puff of frost hits you!
Natasha closely misses you.
You are too injured to fight recklessly!
You are too injured to fight recklessly!
You take 21 damage, and have 35/61 hp.
MASSIVE DAMAGE!!
You are too injured to fight recklessly!
You slash Natasha! You closely miss the white imp.
The white imp hits you but does no damage.
Natasha claws you but does no damage. The white imp gestures at you.
The puff of frost hits you!
You take 1 damage, and have 34/61 hp.
You hit Natasha. You slash the white imp!
Natasha extends her claws.
Natasha stares at you and mumbles some strange words.
The magic dart hits you!
The crimson imp summons a swarm of flies.
The crimson imp blinks!
The white imp gestures at you. The puff of frost hits you!
You take 9 damage, and have 25/61 hp.
You closely miss Natasha. You slash the white imp!
You kill the white imp!
Natasha stares at you and mumbles some strange words.
The magic dart hits you!
Natasha casts a spell.
You hit Natasha but do no damage. You miss the crimson imp.
Natasha claws you but does no damage.
The crimson imp laughs crazily.
You block the crimson imp's attack.
You slash Natasha!
You kill Natasha!
Kikubaaqudgha accepts your kill.
Moaning pathetically, Natasha's spirit plunges into the ground.
The crimson imp disappears in a puff of smoke! x2
You start resting.
You are near starving!
You regained 29 hp, and now have 55/62 hp.
Found a stone staircase leading down.
You regained 4 hp, and now have 59/62 hp.
You now have 255 gold pieces (gained 12).
You see here 21 stones.
Natasha, Servant of Life and Death comes into view.
Natasha hisses angrily.
Health restored: 62 The ogre shouts!
Natasha claws you but does no damage.
You closely miss Natasha. Natasha claws you.
You take 4 damage, and have 58/62 hp.
You slash Natasha! Natasha casts a spell at you.
You feel yourself slow down. Natasha claws you but does no damage.
Your shield and scale mail prevent you from hitting Natasha.
Natasha claws you. x2
You take 4 damage, and have 54/62 hp.
You slice Natasha!!
You kill Natasha!
Kikubaaqudgha accepts your kill.
You feel Natasha's spirit has finally been put to rest.
You block the ogre's attack.
You slash the ogre!
The ogre hits you with a giant spiked club!!
You take 19 damage, and have 35/62 hp.
MASSIVE DAMAGE!!
You hit the ogre but do no damage.
The ogre hits you with a giant spiked club!
You take 10 damage, and have 25/62 hp.
You slash the ogre!
The ogre hits you with a giant spiked club!
* * * LOW HITPOINT WARNING * * *
The ogre hits you with a giant spiked club!
* * * LOW HITPOINT WARNING * * *
You take 18 damage, and have 7/62 hp.
MASSIVE DAMAGE!!
You block the ogre's attack. The ogre completely misses you.
The ogre hits you with a giant spiked club!
You die...
Kikubaaqudgha rasps: "You have failed me!
Welcome... death!"

##......# ...# ##.......## ...#
##.........# ...# #..........#
...# ### #...........# ...#
#.##### ##............
...####....$### ##.............
....##........#####..............
........%......O@................
.#..............####.............
.# #............# #.............
.###..<.........# ##.......(....
.##............######...........>
.##...........## #....##.......##
.##...........##....#####..>..###
.#...........#...... ###..## #
................#.. #### #


You could see an ogre.

Vanquished Creatures
  The ghost of Serooblart the Skirmisher, an amateur MiBe of Trog (D:4)
  3 hounds
  An orc wizard (D:4)
  A bullfrog skeleton (D:4)
  An iguana (D:3)
  Ijyb (D:4)
  2 worker ants
  Natasha (thrice) (D:4)
  4 gnolls (D:3)
  7 adders
  A shadow imp (D:2)
  An ooze (D:2)
  2 worms
  2 dart slugs (D:1)
  7 leopard geckos
  6 orcs
  A ball python (D:3)
  5 bats
  A giant cockroach (D:2)
  12 goblins
  5 hobgoblins
  4 jackals (D:2)
  4 quokkas
  8 frilled lizards
  8 kobolds
  6 rats
97 creatures vanquished.

Vanquished Creatures (others)
  A human (D:3)
1 creature vanquished.

Grand Total: 98 creatures vanquished

Notes
Turn   | Place    | Note
-------+----------+-------------------------------------------
     0 | D:1      | shakethe the Hill Orc Fighter began the quest for the Orb.
     0 | D:1      | Reached XP level 1. HP: 19/19 MP: 1/1
   125 | D:1      | Reached skill level 3 in Axes
   173 | D:1      | Reached XP level 2. HP: 27/27 MP: 2/2
   341 | D:1      | Reached XP level 3. HP: 28/33 MP: 3/3
   600 | D:1      | Reached skill level 4 in Fighting
   740 | D:2      | Found a burning altar of Makhleb.
   741 | D:2      | Noticed a green death
   747 | D:2      | Found a glowing silver altar of Zin.
   747 | D:2      | Noticed an angel
   765 | D:2      | Reached skill level 4 in Axes
   894 | D:2      | Reached XP level 4. HP: 36/40 MP: 4/4
  1050 | D:2      | Reached skill level 4 in Armour
  1050 | D:2      | Reached skill level 4 in Shields
  1050 | D:2      | Reached XP level 5. HP: 19/47 MP: 5/5
  1523 | D:2      | Reached skill level 5 in Axes
  2026 | D:3      | Found an ancient bone altar of Kikubaaqudgha.
  2027 | D:3      | Noticed a human
  2029 | D:3      | Killed a human
  2033 | D:3      | Became a worshipper of Kikubaaqudgha
  2299 | D:3      | Reached XP level 6. HP: 13/53 MP: 6/6
  2749 | D:3      | Found an ornate altar of the Wu Jian Council.
  2750 | D:3      | Found a shattered altar of Ashenzari.
  2821 | D:4      | HP: 9/55 [hound (5)]
  2826 | D:4      | HP: 8/55 [hound (3)]
  2827 | D:4      | HP: 3/55 [hound (2)]
  3174 | D:4      | Reached skill level 5 in Fighting
  3174 | D:4      | Reached skill level 6 in Axes
  3230 | D:4      | Found a hazy altar of Hepliaklqana.
  3230 | D:4      | Noticed Serooblart's ghost (amateur MiBe)
  3254 | D:4      | Killed Serooblart's ghost
  3254 | D:4      | Reached XP level 7. HP: 42/61 MP: 7/7
  3363 | D:4      | Noticed Ijyb
  3364 | D:4      | Noticed Natasha
  3370 | D:4      | Killed Natasha
  3370 | D:4      | Reached skill level 7 in Axes
  3370 | D:4      | Reached skill level 5 in Armour
  3370 | D:4      | Reached skill level 5 in Shields
  3389 | D:4      | Killed Ijyb
  3606 | D:4      | Found an opulent altar of Gozag.
  3829 | D:3      | HP: 14/61 [iguana (4)]
  4119 | D:4      | Noticed Natasha
  4131 | D:4      | Killed Natasha
  4328 | D:4      | Noticed Natasha
  4335 | D:4      | Killed Natasha
  4338 | D:4      | HP: 15/62 [ogre/giant spiked club (10)]
  4338 | D:4      | HP: 7/62 [ogre/giant spiked club (8)]
  4344 | D:4      | Slain by an ogre

Skill      XL: |  1  2  3  4  5  6  7 |
---------------+----------------------+-----
Axes           | 3 4 5 6 7 |  7.4
Fighting       | 4 5 |  5.7
Armour         | 4 5 |  5.2
Shields        | 4 5 |  5.2

Action                   |  1- 3 |  4- 6 |  7- 9 || total
-------------------------+-------+-------+-------++-------
Melee: War axe           |   109 |   190 |    41 ||   340
       Unarmed           |       |       |    21 ||    21
  Use: Scroll            |       |     6 |       ||     6
       Potion            |       |     3 |       ||     3
  Eat: Chunk             |       |     2 |     1 ||     3
       Ration            |       |     2 |       ||     2
Armor: Scale mail        |    53 |   101 |    19 ||   173
       Skin              |       |       |     7 ||     7
Dodge: Dodged            |    39 |    69 |    36 ||   144
Block: Shield            |    60 |   123 |    21 ||   204

Vault maps used:
D:1:      dpeg_arrival_concentric_ovals
D:2:      grunt_temple_overflow_order_and_chaos_2, minmay_hexomino_c4
D:3:      gammafunk_temple_overflow_pools, minivault_25, tgw_kikubaaqudgha
D:4:      lemuel_crystal_altar, nicolae_gozag_cash_rules_everything_around_me,
          uniq_natasha, uniq_ijyb

Table legend:
 A = Turns spent in this place as a percentage of turns spent in the entire game.
 B = Non-inter-level travel turns spent in this place as a percentage of non-inter-level travel turns spent in the entire game.
 C = Inter-level travel turns spent in this place as a percentage of turns spent in this place.
 D = Turns resting spent in this place as a percentage of non-inter-level travel turns spent in this place.
 E = Turns spent auto-exploring this place as a percentage of non-inter-level travel turns spent in this place.
 F = Non-inter-level travel turns spent in this place divided by the number of levels of this place that you've seen.
                   A       B       C       D       E      F
               +-------+-------+-------+-------+-------+----------------------
         Total | 100.0 | 100.0 |   3.0 |  38.1 |  45.9 | 1053.2
       Dungeon | 100.0 | 100.0 |   3.0 |  38.1 |  45.9 | 1053.2
               +-------+-------+-------+-------+-------+----------------------

Table legend:
 A = Kills in this place as a percentage of kills in entire the game.
 B = Kills by you in this place as a percentage of kills by you in the entire game.
 C = Kills by friends in this place as a percentage of kills by friends in the entire game.
 D = Other kills in this place as a percentage of other kills in the entire game.
 E = Experience gained in this place as a percentage of experience gained in the entire game.
 F = Experience gained in this place divided by the number of levels of this place that you have seen.
                   A       B       C       D       E      F
               +-------+-------+-------+-------+-------+----------------------
         Total | 100.0 | 100.0 |   N/A |   N/A | 100.0 | 270.8
       Dungeon | 100.0 | 100.0 |   N/A |   N/A | 100.0 | 270.8
               +-------+-------+-------+-------+-------+----------------------
